 Dungeon Crawl Stone Soup version 0.28-a0-1033-g1a2f33fa85 (webtiles) character file.

Game seed: 16805974885748024891

44322 porpoise the Thaumaturge (level 13, -4/76 HPs)
             Began as a Deep Elf Conjurer on Dec 6, 2021.
             Was an Elder of Vehumet.
             Slain by a vampire mosquito (5 damage)
             ... on level 13 of the Dungeon on Dec 8, 2021.
             The game lasted 01:44:48 (22818 turns).

porpoise the Thaumaturge (Deep Elf Conjurer)       Turns: 22818, Time: 01:44:49

Health: -4/76      AC:  9    Str:  5    XL:     13   Next: 95%
Magic:  23/42      EV: 15    Int: 34    God:    Vehumet [****..]
Gold:   925        SH:  0    Dex: 15    Spells: 22/40 levels left

rFire   + . .      SeeInvis .   b - +9 hunting sling of Dowdy Guilt {vorpal, Dex+2}
rCold   . . .      Faith    .   (no shield)
rNeg    . . .      Spirit   .   N - +1 robe {Will+}
rPois   +          Reflect  .   w - +2 hat
rElec   .          Harm     .   A - +0 cloak {rPois}
rCorr   .          Rampage  .   J - +1 pair of gloves {infuse}
Will    ++...                   y - +0 pair of boots
Stlth   +++.......              u - amulet of magic regeneration
HPRegen 0.22/turn               Q - ring "Touseal" {rF+ Str-3 Int+9 Stlth-}
MPRegen 0.68/turn               z - ring of magical power

@: no status effects
A: no striking features
a: Renounce Religion


You were on level 13 of the Dungeon.
You worshipped Vehumet.
Vehumet was greatly pleased with you.
You visited 3 branches of the dungeon, and saw 19 of its levels.
You also visited: Gauntlet.

You collected 1274 gold pieces.
You spent 349 gold pieces at shops.

Inventory:

Hand Weapons
 a - the +12 whip of Etuxt {flame, Will+ Str+5}
   (You found it on level 7 of the Dungeon)

   It burns those it strikes, dealing additional fire damage.
   Str:       It affects your strength (+5).
   Will:      It increases your willpower.
 b - the +9 hunting sling of Dowdy Guilt (weapon) {vorpal, Dex+2}
   (You bought it in a shop on level 4 of the Dungeon)

   Any ammunition fired from it inflicts extra damage upon your enemies.
   Dex:       It affects your dexterity (+2).
Missiles
 e - 132 sling bullets (quivered ammo)
 B - 7 curare-tipped darts
 O - 7 javelins
 R - 7 silver javelins
 U - 3 boomerangs
Armour
 w - a +2 hat (worn)
 y - a +0 pair of boots (worn)
 A - a +0 cloak of poison resistance (worn)
 J - a +1 pair of gloves of infusion (worn)
 N - a +1 robe of willpower (worn)
 V - the +2 robe of Ruoqouje {MP+9}
   (You found it on level 13 of the Dungeon)

   MP:        It affects your magic capacity (+9).
Magical Staves
 P - a staff of death
Jewellery
 n - a ring of protection from cold
 u - an amulet of magic regeneration (around neck)
 z - a ring of magical power (right hand)
 E - a ring of positive energy
 M - a +4 ring of protection
 Q - the ring "Touseal" (left hand) {rF+ Str-3 Int+9 Stlth-}
   (You found it on level 1 of the Lair of Beasts)

   [ring of protection from fire]

   Str:       It affects your strength (-3).
   Int:       It affects your intelligence (+9).
   rF:        It protects you from fire.
   Stlth:     It makes you less stealthy.
 S - an amulet of reflection
Wands
 d - a wand of flame (20)
 g - a wand of paralysis (6)
 s - a wand of acid (28)
 v - a wand of iceblast (24)
 x - a wand of polymorph (17)
 F - a wand of mindburst (34)
 L - a wand of digging (9)
Scrolls
 c - 2 scrolls of fear
 k - a scroll of immolation
 o - a scroll of fog
 p - 5 scrolls of teleportation
 t - 4 scrolls of identify
 C - 2 scrolls of vulnerability
 G - a scroll of blinking
 I - 2 scrolls of summoning
 K - a scroll of brand weapon
Potions
 f - a potion of resistance
 h - 2 potions of invisibility
 i - a potion of heal wounds
 j - a potion of flight
 l - a potion of ambrosia
 m - 13 potions of curing
 q - 3 potions of lignification
 r - 2 potions of magic
 D - 2 potions of attraction
 H - 5 potions of haste
 T - a potion of mutation


   Skills:
 - Level 7.0 Fighting
 - Level 4.0 Slings
 + Level 7.0 Dodging
 - Level 9.0 Stealth
 - Level 14.0 Spellcasting
 - Level 9.0 Conjurations
 - Level 12.0 Hexes
 - Level 9.0 Translocations
 + Level 5.0 Transmutations
 + Level 5.0 Fire Magic
 - Level 9.0 Poison Magic
 - Level 5.0 Evocations


You had 22 spell levels left.
You knew the following spells:

 Your Spells              Type           Power      Damage    Failure   Level
a - Magic Dart            Conj           100%       1d8       1%          1
b - Searing Ray           Conj           100%       2d8       1%          2
c - Fulminant Prism       Conj/Hex       38%        3d18      1%          4
d - Iskenderun's Mystic   Conj/Tloc      71%        2d14      1%          4
i - Ignite Poison         Fire/Tmut/Pois 61%        N/A       1%          3
o - Olgreb's Toxic Radia  Pois           71%        N/A       1%          4

Your spell library contained the following spells:

 Spells                   Type           Power      Damage    Failure   Level
 Conjure Ball Lightning   Conj/Air       26%        3x3d7     11%         6
 Slow                     Hex            100%       N/A       0%          1
 Beastly Appendage        Tmut           100%       N/A       1%          1
 Poisonous Vapours        Pois/Air       100%       N/A       1%          2
 Wereblood                Tmut           55%        N/A       1%          2
 Confusing Touch          Hex            81%        N/A       1%          3
 Dazzling Flash           Conj/Hex       100%       N/A       1%          3
 Mephitic Cloud           Conj/Pois/Air  59%        N/A       1%          3
 Spider Form              Tmut/Pois      64%        N/A       1%          3
 Call Imp                 Summ           23%        N/A       2%          2
 Corpse Rot               Necr/Air       46%        N/A       2%          2
 Summon Mana Viper        Hex/Summ       59%        N/A       4%          5
 Starburst                Conj/Fire      32%        6d10      4%          6
 Vampiric Draining        Necr           23%        2d7       5%          3
 Animate Dead             Necr           11%        N/A       17%         4
 Dispel Undead            Necr           23%        3d12      17%         4
 Summon Ice Beast         Ice/Summ       23%        N/A       17%         4
 Summon Lightning Spire   Summ/Air       23%        N/A       17%         4
 Borgnjor's Vile Clutch   Necr/Erth      11%        N/A       43%         5
 Death Channel            Necr           11%        N/A       95%         6
 Ozocubu's Refrigeration  Ice            11%        4d7       96%         7
 Ignition                 Fire           27%        3d9       96%         8
 Storm Form               Tmut/Air       20%        N/A       99%         7
 Monstrous Menagerie      Summ           11%        N/A       100%        7
 Maxwell's Capacitive Co  Air            11%        ∞         100%        8


Dungeon Overview and Level Annotations

Branches:
Dungeon (13/15)            Temple (1/1) D:7            Lair (5/6) D:9
  Swamp (0/4) Lair:4        Snake (0/4) Lair:4          Orc (0/2) D:12
Gauntlet (visited)
  Slime: Lair:5-6    Vaults: D:13-14

Altars:
Ashenzari
Gozag
Hepliaklqana
Makhleb
Nemelex Xobeh
Okawaru
Ru
Trog
Uskayaw
Vehumet
Wu Jian
Xom
Yredelemnul
Zin

Shops:
D:4 (   D:5 *   D:7 =   D:8 =

Annotations:
D:4 !Dig
D:9 1 runed translucent door


Message History

The four-headed hydra completely misses you.
The four-headed hydra closely misses you.
The four-headed hydra misses you. The four-headed hydra bites you.
Casting: Iskenderun's Mystic Blast (safe; 1% risk of failure)
Confirm with . or Enter, or press ? or * to list all spells.
You erupt in a blast of force!
The mystic blast hits the four-headed hydra!!
You kill the four-headed hydra!
Vehumet accepts your kill.
Training target 9.0 for Poison Magic reached!
Training target 9.0 for Translocations reached!
Your Translocations skill increases to level 9!
Your Poison Magic skill increases to level 9!
You need to enable at least one skill for training.
You start resting.
A centaur warrior comes into view.
Casting: Iskenderun's Mystic Blast (safe; 1% risk of failure)
Confirm with . or Enter, or press ? or * to list all spells.
You don't know that spell.
A centaur warrior is nearby!
Casting: Iskenderun's Mystic Blast (safe; 1% risk of failure)
Confirm with . or Enter, or press ? or * to list all spells.
You begin to radiate toxic energy.
The centaur warrior is poisoned.
The centaur warrior wields a +0 shortbow.
The centaur warrior shoots an arrow.
The arrow hits you!!
A vampire mosquito comes into view.
Your toxic aura wanes.
Casting: Olgreb's Toxic Radiance (safe; 1% risk of failure)
Confirm with . or Enter, or press ? or * to list all spells.
You ignite the poison in your surroundings!
The centaur warrior seems to burn from within!!
The centaur warrior is heavily wounded.
The vampire mosquito buzzes angrily.
The centaur warrior shoots an arrow.
The arrow hits you!
* * * LOW HITPOINT WARNING * * *
The vampire mosquito closely misses you.
The centaur warrior shoots an arrow.
The arrow hits you!!
* * * LOW HITPOINT WARNING * * *
The vampire mosquito misses you. The vampire mosquito bites you.
You die...

#...... ###+##
####..... #....#
#.......
###....###.....#####
#.......##.....)...#.
#....^..###..........
#....................
###.......c....y.).....
#.........#####@...#...
#.......#.... #<.......
#.......#.### #........
#...........# #(..###+#
##.......<..# #....
####..)c#### ......
#...).. .(....+
###..... ..#...#
#.)....


You could see a centaur warrior and a vampire mosquito.

Vanquished Creatures
  A minotaur (Gauntlet)
  Snorg (D:12)
  8 hydras
  A boulder beetle (Lair:2)
  3 two-headed ogres
  A tengu warrior (Gauntlet)
  Urug (D:12)
  Nergalle (D:11)
  A fire crab (Lair:4)
  A deep elf pyromancer (D:9)
  A wolf spider (Lair:2)
  A cyclops (D:12)
  2 manticores (D:12)
  6 elephants (Lair:3)
  Maurice (D:12)
  Joseph (D:9)
  A torpor snail (Lair:5)
  4 black mambas
  12 cane toads
  A smoke demon (Gauntlet)
  A minotaur zombie (Gauntlet)
  A hellion (Gauntlet)
  An unseen horror (D:12)
  A kobold demonologist (D:12)
  3 rime drakes
  A tengu conjurer (Gauntlet)
  4 komodo dragons
  A polar bear (Lair:4)
  A queen bee (Gauntlet)
  Grinder (D:6)
  A polar bear (shapeshifter) (Gauntlet)
  A troll (D:11)
  2 dream sheep (Lair:4)
  A hornet (Lair:4)
  14 blink frogs
  26 yaks
  A redback (shapeshifter) (Gauntlet)
  4 wyverns
  A steam dragon (D:8)
  17 vampire mosquitoes
  3 nagas (Lair:4)
  12 water moccasins
  2 sky beasts (D:6)
  A swamp drake (D:12)
  A hornet zombie (D:7)
  6 orc warriors
  3 black bears
  4 ogres
  25 wolves
  5 centaurs
  2 phantoms
  3 kobold brigands
  11 bullfrogs
  A gnoll sergeant (D:13)
  A scorpion (D:6)
  A water moccasin zombie (D:7)
  14 killer bees
  3 howler monkeys (D:9)
  3 wights (D:9)
  2 electric eels (Lair:4)
  3 hounds
  4 centaur zombies
  2 orc priests
  3 centaur skeletons
  2 gnoll shamans
  2 jellies
  2 iguanas
  Ijyb (D:4)
  16 orc wizards
  2 killer bee zombies
  2 howler monkey zombies
  A howler monkey skeleton (D:5)
  18 gnolls
  4 adders
  A shadow imp (D:5)
  2 white imps
  An ufetubus (D:5)
  An adder skeleton (D:4)
  2 worms
  A dart slug (D:2)
  36 orcs
  12 bats
  10 endoplasms
  3 giant cockroaches (D:4)
  5 goblins
  8 hobgoblins
  3 jackals
  18 kobolds
  A quokka (D:1)
  5 ball pythons
  7 frilled lizards
  3 rats
  A fulminant prism (Lair:3)
417 creatures vanquished.

Vanquished Creatures (others)
  108 fulminant prisms
  25 fungi
  30 plants
163 creatures vanquished.

Grand Total: 580 creatures vanquished

Notes
Turn   | Place    | Note
-------+----------+-------------------------------------------
     0 | D:1      | porpoise the Deep Elf Conjurer began the quest for the Orb.
     0 | D:1      | Reached XP level 1. HP: 10/10 MP: 6/6
   307 | D:1      | Reached XP level 2. HP: 15/15 MP: 4/8
   345 | D:1      | Learned a level 2 spell: Searing Ray
  1246 | D:2      | Reached skill level 4 in Spellcasting
  1311 | D:2      | Reached skill level 5 in Conjurations
  1311 | D:2      | Reached XP level 3. HP: 19/19 MP: 5/10
  1967 | D:2      | Found a faded altar of an unknown god.
  2431 | D:3      | Reached XP level 4. HP: 24/24 MP: 8/12
  3065 | D:4      | Learned a level 4 spell: Fulminant Prism
  3070 | D:4      | Learned a level 4 spell: Iskenderun's Mystic Blast
  3084 | D:4      | Reached skill level 5 in Spellcasting
  3084 | D:4      | Reached skill level 1 in Hexes
  3327 | D:4      | Reached XP level 5. HP: 20/28 MP: 6/15
  3713 | D:4      | Noticed a black bear
  3719 | D:4      | Killed a black bear
  3720 | D:4      | Reached skill level 6 in Spellcasting
  3863 | D:4      | Found Qykkec's Antique Weapon Shoppe.
  3869 | D:4      | Reached XP level 6. HP: 32/32 MP: 9/17
  3956 | D:4      | Bought an ebony hunting sling for 149 gold pieces
  3956 | D:4      | Identified the +9 hunting sling of Dowdy Guilt {vorpal,
                  | Dex+2} (You bought it in a shop on level 4 of the Dungeon)
  3992 | D:4      | Found an opulent altar of Gozag.
  4016 | D:4      | Noticed Ijyb
  4022 | D:4      | Killed Ijyb
  4102 | D:4      | Found an opulent altar of Gozag.
  4106 | D:4      | Found an opulent altar of Gozag.
  4116 | D:4      | Found an opulent altar of Gozag.
  4253 | D:5      | Entered Level 5 of the Dungeon
  4401 | D:5      | Reached skill level 7 in Spellcasting
  4591 | D:5      | Reached skill level 1 in Slings
  4591 | D:5      | Reached skill level 5 in Hexes
  4591 | D:5      | Reached skill level 1 in Translocations
  4591 | D:5      | Reached XP level 7. HP: 36/36 MP: 16/19
  4978 | D:5      | Found Soarop's Fire Supplies.
  5294 | D:6      | Reached XP level 8. HP: 41/41 MP: 8/20
  5303 | D:6      | Noticed Grinder
  5581 | D:6      | Reached skill level 5 in Translocations
  5774 | D:6      | Killed Grinder
  6373 | D:6      | Reached skill level 8 in Spellcasting
  6668 | D:7      | Reached skill level 1 in Fighting
  6791 | D:7      | Reached XP level 9. HP: 47/47 MP: 21/23
  6934 | D:7      | Reached skill level 9 in Spellcasting
  7249 | D:7      | Identified the +12 whip of Etuxt {flame, Will+ Str+5}
  7321 | D:7      | Found a staircase to the Ecumenical Temple.
  7335 | Temple   | Entered the Ecumenical Temple
  7509 | Temple   | Became a worshipper of Vehumet
  7631 | D:7      | Found Baqept's Jewellery Boutique.
  7640 | D:7      | Bought a ring of magical power for 200 gold pieces
  7757 | D:8      | Found Ytavamel's Jewellery Emporium.
  8189 | D:8      | Reached skill level 10 in Spellcasting
  8900 | D:9      | Reached * piety under Vehumet
  8900 | D:9      | Offered knowledge of Shock by Vehumet.
  9228 | D:9      | Found a staircase to the Lair.
  9244 | D:9      | Noticed a two-headed ogre
  9361 | D:9      | Killed a two-headed ogre
  9362 | D:9      | Reached skill level 11 in Spellcasting
  9362 | D:9      | Reached XP level 10. HP: 58/58 MP: 27/27
  9379 | D:9      | Found a runed translucent door.
  9379 | D:9      | Noticed a sixfirhy
  9739 | D:9      | Reached skill level 5 in Stealth
  9985 | D:9      | Noticed Joseph
  9996 | D:9      | Killed Joseph
  9997 | D:9      | Reached skill level 5 in Fighting
 10834 | D:9      | Noticed a deep elf pyromancer
 10837 | D:9      | Killed a deep elf pyromancer
 10838 | D:9      | Reached skill level 12 in Spellcasting
 10861 | D:10     | Entered Level 10 of the Dungeon
 10895 | D:10     | Reached ** piety under Vehumet
 10895 | D:10     | Offered knowledge of Sandblast by Vehumet.
 11910 | Lair:1   | Entered Level 1 of the Lair of Beasts
 11911 | Lair:1   | Upgraded the game from 0.28-a0-998-gb9e9c7b67e to
                  | 0.28-a0-1002-gf00fe891ef
 12115 | Lair:1   | Noticed a cane toad
 12119 | Lair:1   | Noticed a cane toad
 12121 | Lair:1   | Killed a cane toad
 12128 | Lair:1   | Noticed a cane toad
 12143 | Lair:1   | Killed a cane toad
 12394 | Lair:1   | Killed a cane toad
 12395 | Lair:1   | Reached skill level 5 in Dodging
 12395 | Lair:1   | Reached XP level 11. HP: 31/63 MP: 19/29
 12659 | Lair:1   | Noticed a seven-headed hydra
 12675 | Lair:1   | Killed a seven-headed hydra
 12889 | Lair:1   | Noticed an eight-headed hydra
 12901 | Lair:1   | Killed an eight-headed hydra
 13214 | Lair:1   | Identified the ring "Touseal" {rF+ Str-3 Int+9 Stlth-}
 13245 | Lair:1   | Identified the +2 robe "Ujaec" {-Cast Fly rN++}
 13253 | Lair:1   | Reached skill level 1 in Evocations
 13265 | Lair:1   | Noticed a four-headed hydra
 13276 | Lair:1   | Killed a four-headed hydra
 14294 | Lair:2   | Noticed a seven-headed hydra
 14305 | Lair:2   | Killed a seven-headed hydra
 14313 | Lair:2   | Noticed a boulder beetle
 14463 | Lair:2   | Noticed a wolf spider
 14494 | Lair:1   | Reached skill level 5 in Evocations
 14654 | Lair:2   | Killed a boulder beetle
 14749 | Lair:2   | Offered knowledge of Ignite Poison by Vehumet.
 14755 | Lair:2   | Learned a level 4 spell: Olgreb's Toxic Radiance
 14759 | Lair:2   | Learned a level 3 spell: Ignite Poison
 14822 | Lair:2   | Reached skill level 1 in Poison Magic
 14985 | Lair:2   | Killed a wolf spider
 14997 | Lair:2   | Reached XP level 12. HP: 42/68 MP: 30/30
 15580 | Lair:3   | Reached skill level 1 in Fire Magic
 15581 | Lair:3   | Reached *** piety under Vehumet
 15587 | Lair:3   | Reached skill level 5 in Poison Magic
 15592 | Lair:3   | Offered knowledge of Flame Wave by Vehumet.
 15623 | Lair:3   | Reached skill level 5 in Fire Magic
 15629 | Lair:3   | Reached skill level 1 in Transmutations
 15736 | Lair:3   | Reached skill level 13 in Spellcasting
 15989 | Lair:3   | Noticed a five-headed hydra
 15995 | Lair:3   | Killed a five-headed hydra
 16636 | Lair:4   | Noticed a six-headed hydra
 16647 | Lair:4   | Killed a six-headed hydra
 16647 | Lair:4   | Reached **** piety under Vehumet
 16792 | Lair:4   | Found a staircase to the Swamp.
 16845 | Lair:4   | Offered knowledge of Iskenderun's Battlesphere by Vehumet.
 16850 | Lair:4   | Reached skill level 5 in Transmutations
 17022 | Lair:4   | Reached skill level 14 in Spellcasting
 17075 | Lair:4   | Found a staircase to the Snake Pit.
 17637 | Lair:4   | Reached XP level 13. HP: 72/72 MP: 33/33
 17829 | Lair:4   | Reached skill level 10 in Hexes
 18450 | Lair:5   | Identified the +2 scale mail of Nemelex Xobeh's Hatred
                  | {Contam rN++ MP+9 Stlth+}
 19398 | D:11     | Upgraded the game from 0.28-a0-1002-gf00fe891ef to
                  | 0.28-a0-1033-g1a2f33fa85
 19751 | D:11     | Noticed Nergalle
 19760 | D:11     | Killed Nergalle
 19858 | D:11     | Reached ***** piety under Vehumet
 19944 | D:11     | Offered knowledge of Conjure Ball Lightning by Vehumet.
 20473 | D:12     | Noticed Snorg
 20482 | D:12     | Killed Snorg
 20666 | D:12     | Found a shimmering altar of Xom.
 20684 | D:12     | Found a gate leading to a gauntlet.
 20691 | Gauntlet | Entered a Gauntlet
 20691 | Gauntlet | Found a transporter.
 20701 | Gauntlet | Found a transporter.
 20703 | Gauntlet | Found a transporter.
 20704 | Gauntlet | Found a transporter.
 20715 | Gauntlet | Found a transporter.
 20715 | Gauntlet | Found a transporter.
 20716 | Gauntlet | Found a transporter.
 20728 | Gauntlet | Found a transporter.
 20729 | Gauntlet | Found a transporter.
 20733 | Gauntlet | Found a transporter.
 20740 | Gauntlet | Found a transporter.
 20741 | Gauntlet | Found a transporter.
 20742 | Gauntlet | Found a transporter.
 20749 | Gauntlet | Found a transporter.
 21252 | Gauntlet | Noticed a fire dragon
 21252 | Gauntlet | a swamp worm changed into a fire dragon
 21285 | Gauntlet | Noticed a spark wasp
 21285 | Gauntlet | a seven-headed hydra changed into a spark wasp
 21294 | Gauntlet | a spark wasp changed into a goliath frog
 21428 | Gauntlet | Noticed a dire elephant
 21428 | Gauntlet | a death yak changed into a dire elephant
 21496 | Gauntlet | Noticed a minotaur
 21508 | Gauntlet | Killed a minotaur
 21916 | D:12     | Noticed Urug
 21920 | D:12     | Killed Urug
 22167 | D:12     | Noticed Maurice
 22170 | D:12     | Killed Maurice
 22572 | D:12     | Found a staircase to the Orcish Mines.
 22784 | D:13     | Identified the +2 robe of Ruoqouje {MP+9}
 22817 | D:13     | HP: 1/76 [centaur warrior/arrow (22)]
 22818 | D:13     | Slain by a vampire mosquito

Illustrated notes

Levels and vault maps discovered:
D:1:      nicolae_arrival_memento_mori, layout_loops_corners,
          minmay_tetromino_o2
D:2:      layout_rooms, ebering_ecumenical_altar_mist
D:3:      layout_basic
D:4:      layout_rooms, nicolae_gozag_conspicuous_consumption, serial_shops,
          shop, uniq_ijyb
D:5:      nicolae_cairo_tiling_large_dashed, layout_loops_ring,
          nicolae_shop_fire_sale [nicolae_sub_dead_trees]
D:6:      layout_rooms, uniq_grinder
D:7:      layout_loops_ring, minmay_temple_entry_offerings,
          minmay_shop_grid_forest
D:8:      layout_loops_ring, kennysheep_small_square
D:9:      cheibrodos_shockbox, layout_loops_corners, dpeg_oklobed_lair,
          uniq_joseph
D:10:     layout_irregular_city
D:11:     layout_irregular_city, uniq_nergalle
D:12:     layout_roguey, erik_orc_1, gauntlet_entry_generic,
          brannock_xom_greatest_gift, uniq_urug, uniq_maurice, uniq_snorg
D:13:     layout_basic
Temple:   mainiacjoe_temple_trianglar_array
Lair:1:   layout_regular_city, chequers_serial_rivers_small_b,
          guppyfry_lair_drakes, grunt_megastairs_2
Lair:2:   layout_gridlike, nicolae_lair_run_with_the_wolves
Lair:3:   layout_roguey, chequers_serial_rivers_large_a, grunt_megastairs_3
Lair:4:   layout_hall_layers, swamp_mist_pool,
          minmay_snake_entry_guardpost_small, nzn_random_ring,
          infiniplex_staircase_pool, serial_bayou_shore_a
Lair:5:   layout_gridlike, cheibrodos_lair_caveside_slide,
          chequers_serial_rivers_marsh

Skill      XL: |  1  2  3  4  5  6  7  8  9 10 11 12 13 |
---------------+----------------------------------------+-----
Spellcasting   | 4 5 6 7 8 11 12 14 | 14.0
Conjurations   | 5 7 8 9 |  9.0
Hexes          | 2 3 5 7 9 12 | 12.0
Slings         | 1 2 3 4 |  4.0
Translocations | 1 4 5 7 9 |  9.0
Fighting       | 1 4 5 7 |  7.0
Stealth        | 4 7 8 9 |  9.0
Dodging        | 5 7 |  7.0
Evocations     | 5 |  5.0
Poison Magic   | 3 7 9 |  9.0
Fire Magic     | 5 |  5.0
Transmutations | 5 |  5.0

Action                   |  1- 3 |  4- 6 |  7- 9 | 10-12 | 13-15 || total
-------------------------+-------+-------+-------+-------+-------++-------
Melee: Short sword       |       |     9 |       |       |       ||     9
 Fire: Hunting sling     |       |     7 |    71 |   104 |    43 ||   225
Throw: Dart              |       |       |       |     3 |       ||     3
 Cast: Magic Dart        |    80 |    40 |     7 |       |       ||   127
       Searing Ray       |     5 |    19 |    47 |    67 |    18 ||   156
       Fulminant Prism   |       |     3 |    15 |    50 |    41 ||   109
       Iskenderun's Myst |       |       |    10 |    43 |    45 ||    98
       Ignite Poison     |       |       |       |    22 |    22 ||    44
       Olgreb's Toxic Ra |       |       |       |    17 |    21 ||    38
Evoke: Wand              |       |       |       |     1 |       ||     1
  Use: Scroll            |       |     3 |     5 |    15 |     6 ||    29
       Potion            |       |       |       |     1 |       ||     1
Armor: Robe              |     1 |     6 |    10 |    24 |    27 ||    68
Dodge: Dodged            |     3 |    22 |    26 |    70 |    39 ||   160

Table legend: (Time is in decaauts)
 A = Elapsed time spent in this place.
 B = Non-inter-level travel time spent in this place.
 C = Inter-level travel time spent in this place.
 D = Time resting spent in this place.
 E = Time spent auto-exploring this place.
 F = Levels seen in this place.
 G = Mean time per level.
                   A        B        C        D        E       F      G
               +--------+--------+--------+--------+--------+-----+--------+
         Total |  22866 |  22159 |    707 |   8722 |  10511 |  20 | 1143.3 |
       Dungeon |  14561 |  14126 |    435 |   5488 |   7020 |  13 | 1120.1 |
        Temple |    201 |    174 |     27 |      0 |    170 |   1 |  201.0 |
          Lair |   6980 |   6736 |    244 |   2500 |   3204 |   5 | 1396.0 |
      Gauntlet |   1122 |   1122 |      0 |    734 |    117 |   1 | 1122.0 |
               +--------+--------+--------+--------+--------+-----+--------+

Top non-repeatable levels by time:
     D:9: 2459 daAuts
  Lair:1: 2232 daAuts
  Lair:4: 1883 daAuts
     D:8: 1373 daAuts
     D:1: 1302 daAuts
    D:12: 1226 daAuts
     D:5: 1165 daAuts
     D:3: 1162 daAuts
Gauntlet: 1122 daAuts
     D:7: 1107 daAuts
     D:6: 1030 daAuts
     D:4: 1029 daAuts
  Lair:3: 1025 daAuts
  Lair:2: 1016 daAuts
    D:11: 904 daAuts
